 Dungeon Crawl Stone Soup version 0.30.0-19-g36f170ea60 (webtiles) character file.

Game seed: 11254311524372530254

9089 monsoonserge the Protected (level 11, 0/99 HPs)
             Began as a Minotaur Chaos Knight on May 30, 2023.
             Was a Plaything of Xom.
             Slain by an orc warrior
             ... wielding a +0 flail
             ... led by an orc knight
              (11 damage)
             ... on level 2 of the Orcish Mines.
             The game lasted 00:33:16 (9750 turns).

monsoonserge the Protected (Minotaur Chaos Knight)  Turns: 9750, Time: 00:33:19

Health: 0/99       AC: 18    Str: 24    XL:     11   Next: 18%
Magic:  10/10      EV: 15    Int:  8    God:    Xom [......]
Gold:   571        SH:  4    Dex: 16    Spells: 10/10 levels left

rFire   . . .        R - +2 glaive (flame)
rCold   + . .        (shield currently unavailable)
rNeg    . . .        J - +2 chain mail {rC+}
rPois   .            (helmet restricted)
rElec   +            T - +2 cloak
rCorr   .            (no gloves)
SInv    +            Z - +0 pair of boots
Will    .....        (no amulet) Stlth
                     v - +6 ring of strength
HPRegen 0.36/turn    K - +5 ring of evasion
MPRegen 0.12/turn

%: no passive effects
@: invisible
A: horns 2, retaliatory headbutt, talons 1, large bone plates 1, thin skeletal
structure 1, see invisible, agile 1, electricity resistance, weak 1
a: Renounce Religion


You were on level 2 of the Orcish Mines.
You worshipped Xom.
You were a very special plaything of Xom.
You visited 3 branches of the dungeon, and saw 13 of its levels.

You collected 607 gold pieces.
You spent 36 gold pieces at shops.

Inventory:

Hand Weapons
 D - a +3 morningstar
 R - a +2 glaive of flaming (weapon)
 Y - a +0 arbalest of freezing
Missiles
 t - 5 curare-tipped darts
 C - 6 boomerangs
 E - 4 silver boomerangs
 N - 6 poisoned darts (quivered)
 U - 3 datura-tipped darts
 V - 5 atropa-tipped darts
Armour
 b - the +4 ring mail "Xuimp" {rElec}
   (You found it on level 8 of the Dungeon)

   rElec:     It insulates you from electricity.
 s - an orb of mayhem
 J - a +2 chain mail of cold resistance (worn)
 T - a +2 cloak (worn)
 Z - a +0 pair of boots (worn)
Jewellery
 v - a +6 ring of strength (left hand)
 H - a ring of see invisible
 K - a +5 ring of evasion (right hand)
 M - a ring of willpower
 O - a ring of protection from fire
 P - a ring of magical power
 S - a +5 ring of evasion
Wands
 w - a wand of mindburst (33)
 F - a wand of iceblast (4)
 I - a wand of polymorph (15)
 Q - a wand of paralysis (14)
 X - a wand of light (8)
Scrolls
 e - a scroll of brand weapon {unknown}
 h - a scroll of immolation {unknown}
 i - 8 scrolls of identify {unknown}
 j - 2 scrolls of enchant weapon {unknown}
 k - a scroll of amnesia {unknown}
 m - 2 scrolls of fog {unknown}
 o - a scroll of enchant armour {unknown}
 p - 2 scrolls of noise {unknown}
 y - 3 scrolls of teleportation
 z - a scroll of vulnerability {unknown}
 A - a scroll of torment {unknown}
Potions
 d - 4 potions of heal wounds {unknown}
 f - 9 potions of curing
 l - a potion of brilliance {unknown}
 n - 2 potions of attraction {unknown}
 q - a potion of haste {unknown}
 r - 2 potions of ambrosia {unknown}
 u - a potion of magic {unknown}
 x - a potion of berserk rage {unknown}
 B - a potion of resistance {unknown}
 G - a potion of flight {unknown}
 L - 3 potions of degeneration {unknown}
 W - 3 potions of mutation {unknown}
Miscellaneous
 c - a piece from Xom's chessboard (15/15)


   Skills:
 + Level 9.6 Fighting
 - Level 8.7(11.9) Axes
 - Level 8.2(9.9) Maces & Flails
 + Level 10.0(11.4) Polearms
 + Level 0.9 Throwing
 + Level 10.2 Armour
 + Level 3.8 Dodging
 + Level 1.9 Stealth
 - Level 1.0 Shields
 - Level 1.0 Evocations


You had 10 spell levels left.
You didn't know any spells.
Your spell library contained the following spells:

 Spells                   Type           Power      Damage    Failure   Level
 Apportation              Tloc           0%         N/A       88%         1
 Kiss of Death            Conj/Necr      0%         2d5       88%         1
 Necrotise                Necr           0%         1d4       88%         1
 Summon Small Mammal      Summ           0%         N/A       88%         1
 Lesser Beckoning         Tloc           0%         N/A       95%         2
 Sublimation of Blood     Necr           0%         N/A       95%         2
 Wereblood                Tmut           0%         N/A       95%         2
 Confusing Touch          Hex            0%         N/A       99%         3
 Gell's Gravitas          Tloc           0%         N/A       99%         3
 Teleport Other           Tloc           0%         N/A       99%         3
 Dispel Undead            Necr           0%         3d6       100%        4
 Petrify                  Tmut/Erth      0%         N/A       100%        4
 Summon Ice Beast         Ice/Summ       0%         N/A       100%        4
 Irradiate                Conj/Tmut      0%         3d11      100%        5
 Summon Mana Viper        Hex/Summ       0%         N/A       100%        5
 Monstrous Menagerie      Summ           0%         N/A       100%        7
 Summon Hydra             Summ           0%         N/A       100%        7


Dungeon Overview and Level Annotations

Branches:
Dungeon (10/15)            Temple (1/1) D:6            Lair (0/5) D:10
    Orc (2/2) D:9
    Elf: Orc:2

Altars:
Ashenzari
Cheibriados
Dithmenos
Elyvilon
Fedhas
Gozag
Hepliaklqana
Kikubaaqudgha
Makhleb
Nemelex Xobeh
Okawaru
Qazlal
Sif Muna
Trog
Vehumet
Wu Jian
Xom
Yredelemnul
Zin
The Shining One

Shops:
D:4 ?

Annotations:
D:9 1 runed translucent door, wingedge's ghost, novice HuWn


Innate Abilities, Weirdness & Mutations

You have a pair of horns on your head.
You reflexively headbutt those who attack you in melee.
You have sharp toenails.
You are partially covered in large bone plates. (SH +4)
You have a somewhat thin skeletal structure. (Dex +2, Stealth+)
You have supernaturally acute eyesight. (SInv)
You are agile. (Dex +4, Str/Int -1)
You are resistant to electric shocks. (rElec)
You are weak. (Str -2)


Message History

There is a stone staircase leading up here.
Unknown command.
You barely miss the orc warrior. You headbutt the orc warrior!
The orc warrior is moderately wounded.
The orc warrior hits you with a +0 flail!
The orc barely misses you. The orc hits you but does no damage.
You completely miss the orc warrior. You headbutt the orc warrior!
The orc warrior is severely wounded.
The orc hits you with a +0 club!
The orc warrior hits you with a +0 flail!
You barely miss the orc warrior.
You headbutt the orc warrior, but do no damage.
The orc warrior is severely wounded.
The orc closely misses you. You furiously retaliate!
You headbutt the orc.
The orc warrior hits you with a +0 flail.
The orc hits you but does no damage.
You barely miss the orc warrior.
The orc warrior is severely wounded.
The orc warrior misses you. The orc hits you with a +0 club.
The orc hits you with a +2 heavy falchion!!
* * * LOW HITPOINT WARNING * * *
Unknown command.
You hit the orc warrior but do no damage.
You headbutt the orc warrior.
The orc warrior is severely wounded.
You block the orc warrior's attack. The orc hits you but does no damage.
The orc hits you with a +2 heavy falchion!
* * * LOW HITPOINT WARNING * * *
Unknown command.
You fade into invisibility!
The orc warrior closely misses you. The orc closely misses you.
You slash the orc! You burn the orc.
You kill the orc!
You hear Xom's avuncular chuckle.
The orc seems to slow down.
You are now a very special plaything of Xom.
The orc is no longer moving slowly.
The orc warrior hits you with a +0 flail!
You die...
Xom yawns loudly!

## #....#
#.##....
##.#....## #
#........# ##
##.#........#..#
...............#
.........$.....#
.......)@.......
......oo#.......
.....######.....
.... .... .. ...
.# #


You could see an orc warrior (strong, unable to see you) and an orc (strong,
unable to see you).

Vanquished Creatures
  A two-headed ogre (shapeshifter) (D:4)
  A two-headed ogre (D:9)
  An orc knight (Orc:1)
  Maurice (D:8)
  Joseph (D:9)
  Maggie (D:7)
  A hornet (D:9)
  Prince Ribbit (D:8)
  A shadow (D:7)
  3 yaks (D:9)
  Eustachio (D:6)
  A basilisk (D:6)
  A warg (Orc:1)
  A water moccasin (D:9)
  13 orc warriors
  An ice beast (D:7)
  2 sky beasts (D:7)
  A black bear (D:6)
  2 ogres
  5 centaurs
  3 kobold brigands
  2 phantoms
  4 bullfrogs
  3 scorpions
  17 killer bees
  4 howler monkeys
  2 gnoll boudas
  4 hounds
  3 jellies
  6 orc priests
  2 sleepcaps (D:7)
  Crazy Yiuf (D:7)
  3 iguanas
  12 orc wizards
  9 adders
  7 gnolls
  2 shadow imps
  4 white imps
  An ufetubus (D:6)
  5 worms (D:2)
  3 dart slugs
  53 orcs
  A bat (D:1)
  5 endoplasms
  A giant cockroach (D:2)
  11 goblins
  10 hobgoblins
  2 jackals (D:1)
  17 kobolds
  4 quokkas
  7 ball pythons
  A frilled lizard (D:3)
  3 rats
252 creatures vanquished.

Vanquished Creatures (collateral kills)
  An ogre (Orc:1)
  A hobgoblin (D:3)
2 creatures vanquished.

Grand Total: 254 creatures vanquished

Notes
Turn   | Place    | Note
-------+----------+-------------------------------------------
     0 | D:1      | monsoonserge the Minotaur Chaos Knight began the quest for
                  | the Orb.
     0 | D:1      | Reached XP level 1. HP: 19/19 MP: 0/0
   128 | D:1      | Reached XP level 2. HP: 27/27 MP: 1/1
   343 | D:1      | XOM: silly message
   568 | D:2      | XOM: divination: magic mapping
   586 | D:2      | Reached XP level 3. HP: 33/33 MP: 2/2
   998 | D:2      | XOM: divination: detect creatures
  1042 | D:2      | Reached XP level 4. HP: 40/41 MP: 3/3
  1272 | D:3      | XOM: 1-stop teleportation journey
  1398 | D:3      | XOM: give mutation
  1398 | D:3      | Gained mutation: You are agile. (Dex +4, Str/Int -1) [Xom's
                  | grace]
  1496 | D:3      | Found a faded altar of an unknown god.
  1501 | D:3      | XOM: stat loss: -1 Str (16/17)
  1549 | D:3      | Reached skill level 5 in Fighting
  1584 | D:3      | XOM: 1-stop teleportation journey
  1928 | D:4      | Found an ancient bone altar of Kikubaaqudgha.
  1968 | D:4      | Found a shadowy altar of Dithmenos.
  2042 | D:3      | Reached XP level 5. HP: 33/48 MP: 4/4
  2174 | D:3      | XOM: smoke on damage
  2176 | D:3      | Reached skill level 5 in Axes
  2346 | D:4      | Noticed a phantom
  2353 | D:4      | Killed a phantom
  2354 | D:4      | Reached XP level 6. HP: 56/56 MP: 5/5
  2429 | D:4      | an iguana changed into a glowing shapeshifter
  2429 | D:4      | Noticed a glowing shapeshifter (glowing shapeshifter)
  2429 | D:4      | a glowing shapeshifter changed into a two-headed ogre
  2429 | D:4      | Noticed a two-headed ogre (glowing shapeshifter)
  2436 | D:4      | Killed a two-headed ogre
  2437 | D:4      | Reached skill level 5 in Armour
  2437 | D:4      | Reached skill level 1 in Stealth
  2437 | D:4      | Reached XP level 7. HP: 36/64 MP: 6/6
  2534 | D:4      | Found a shimmering blue altar of Sif Muna.
  2618 | D:4      | XOM: give mutation
  2618 | D:4      | Gained mutation: You have hidden genetic potential. [Xom's
                  | grace]
  2672 | D:4      | Found Vigaocaami's Magic Scroll Shop.
  2684 | D:4      | Bought a scroll of teleportation for 36 gold pieces
  2784 | D:4      | Found a shimmering altar of Xom.
  2850 | D:4      | XOM: give mutations
  2850 | D:4      | Gained mutation: Your spells are a little harder to cast,
                  | but a little more powerful. [Xom's grace]
  2850 | D:4      | Gained mutation: You are partially covered in iridescent
                  | scales. (AC +2) [Xom's grace]
  2850 | D:4      | Gained mutation: You have a somewhat thin skeletal
                  | structure. (Dex +2, Stealth+) [Xom's grace]
  2850 | D:4      | Gained mutation: You have sharp toenails. [Xom's grace]
  2881 | D:5      | Entered Level 5 of the Dungeon
  2888 | D:5      | XOM: scenery: create altars
  2926 | D:4      | XOM: god gift: 2 metallic white potions {god gift}
  3109 | D:5      | Reached XP level 8. HP: 32/71 MP: 7/7
  3747 | D:5      | Reached skill level 1 in Maces & Flails
  3829 | D:5      | XOM: stat loss: -1 Int (7/8)
  4262 | D:5      | XOM: scenery: create altars
  4276 | D:5      | Gained mutation: You are resistant to electric shocks.
                  | (rElec) [hidden potential]
  4511 | D:6      | Found a staircase to the Ecumenical Temple.
  4512 | D:6      | XOM: cleaving
  4562 | D:6      | XOM: polymorph ogre -> basilisk
  4562 | D:6      | Noticed Eustachio
  4575 | D:6      | Killed Eustachio
  4576 | D:6      | Reached skill level 5 in Maces & Flails
  4670 | D:6      | Reached XP level 9. HP: 77/79 MP: 8/8
  4680 | D:6      | XOM: give mutations
  4680 | D:6      | Gained mutation: You are very agile. (Dex +8, Str/Int -2)
                  | [Xom's mischief]
  4680 | D:6      | Gained mutation: You expend magic power (3 MP) to
                  | strengthen your wands. [Xom's mischief]
  4680 | D:6      | Lost mutation: Your spells are a little harder to cast, but
                  | a little more powerful. [Xom's mischief]
  4930 | D:6      | XOM: give mutations
  4930 | D:6      | Gained mutation: You are weak. (Str -2) [Xom's mischief]
  4930 | D:6      | Gained mutation: You are partially covered in large bone
                  | plates. (SH +4) [Xom's mischief]
  4930 | D:6      | Lost mutation: You are partially covered in iridescent
                  | scales. (AC +2) [Xom's mischief]
  4937 | Temple   | Entered the Ecumenical Temple
  5563 | D:6      | Gained mutation: You are strong-willed. (Will+) [hidden
                  | potential]
  5563 | D:6      | Lost mutation: You have hidden genetic potential. [hidden
                  | potential expressed]
  5859 | D:7      | Reached skill level 1 in Evocations
  5982 | D:7      | XOM: give mutations
  5982 | D:7      | Lost mutation: You are very agile. (Dex +8, Str/Int -2)
                  | [Xom's mischief]
  5982 | D:7      | Lost mutation: You are strong-willed. (Will+) [Xom's
                  | mischief]
  5982 | D:7      | Lost mutation: You expend magic power (3 MP) to strengthen
                  | your wands. [Xom's mischief]
  5982 | D:7      | Gained mutation: You are very weak. (Str -4) [Xom's
                  | mischief]
  6075 | D:7      | XOM: 3-stop teleportation journey
  6228 | D:7      | Noticed Maggie
  6236 | D:7      | Killed Maggie
  6378 | D:7      | XOM: give mutations
  6378 | D:7      | Gained mutation: You have supernaturally acute eyesight.
                  | (SInv) [Xom's mischief]
  6378 | D:7      | Lost mutation: You are very weak. (Str -4) [Xom's mischief]
  6487 | D:7      | Found a runed translucent door.
  6488 | D:7      | Noticed Crazy Yiuf
  6492 | D:7      | Killed Crazy Yiuf
  6740 | D:7      | Reached skill level 1 in Polearms
  6807 | D:7      | XOM is BORED!
  6860 | D:7      | Found a hazy altar of Hepliaklqana.
  6967 | D:8      | Reached skill level 1 in Shields
  6997 | D:8      | Found an iron altar of Okawaru.
  7038 | D:8      | Reached XP level 10. HP: 65/90 MP: 9/9
  7260 | D:8      | Found a stormy altar of Qazlal.
  7264 | D:8      | Noticed Prince Ribbit
  7271 | D:8      | Killed Prince Ribbit
  7375 | D:8      | Noticed Maurice
  7375 | D:8      | XOM: cast spell 'Summon Ice Beast'
  7434 | D:8      | Killed Maurice
  7435 | D:8      | Reached skill level 5 in Polearms
  7490 | D:8      | Identified the +4 ring mail "Xuimp" {rElec}
  7677 | D:8      | XOM: potion effect (haste)
  7852 | D:9      | Found a staircase to the Orcish Mines.
  7863 | D:9      | XOM: potion effect (brilliance)
  7868 | D:9      | XOM: potion effect (brilliance)
  7873 | D:9      | XOM: silly message
  8006 | D:9      | XOM: divination: detect items
  8041 | D:9      | XOM: enchant monster (bad)
  8235 | D:9      | Found a runed translucent door.
  8235 | D:9      | Noticed wingedge's ghost (novice HuWn)
  8235 | D:9      | XOM: 1-stop teleportation journey
  8240 | D:9      | XOM: cast spell 'Cause Fear'
  8337 | D:9      | Noticed a two-headed ogre
  8350 | D:9      | Killed a two-headed ogre
  8444 | D:9      | Reached skill level 10 in Armour
  8494 | D:9      | XOM: 2-stop teleportation journey
  8739 | D:9      | XOM: god gift: wand of light (5)
  8842 | D:9      | Noticed Joseph
  8850 | D:9      | Killed Joseph
  8851 | D:9      | Reached XP level 11. HP: 64/97 MP: 10/10
  8912 | D:9      | XOM: destruction
  9321 | D:9      | XOM: noise
  9467 | D:10     | Entered Level 10 of the Dungeon
  9468 | D:10     | Found a staircase to the Lair.
  9492 | Orc:1    | Entered Level 1 of the Orcish Mines
  9531 | Orc:1    | Noticed an orc knight
  9540 | Orc:1    | Killed an orc knight
  9545 | Orc:1    | XOM: cast spell 'Monstrous Menagerie'
  9546 | Orc:1    | XOM: god gift: shortbow {god gift}
  9547 | Orc:1    | Reached skill level 10 in Polearms
  9619 | Orc:1    | XOM: 2-stop teleportation journey
  9738 | Orc:1    | Noticed an orc knight
  9738 | Orc:1    | XOM: 1-stop teleportation journey
  9739 | Orc:1    | Noticed an orc sorcerer
  9742 | Orc:2    | Entered Level 2 of the Orcish Mines
  9750 | Orc:2    | XOM: enchant monster (good)
  9750 | Orc:2    | Slain by an orc warrior

Illustrated notes

Levels and vault maps discovered:
D:1:      amcnicky_arrival_underground_garden, layout_basic
D:2:      layout_basic
D:3:      layout_loops_ring, shapermc_ecumenical_altar_notcrosses
D:4:      layout_rooms, old_standard_altar, mainiacjoe_overflow_alcove_4,
          mainiacjoe_overflow_brackets, nicolae_dithmenos_the_darkroom,
          kennysheep_nub, kennysheep_windowed_goal
D:5:      layout_layer_cave, minmay_misc_feat_doors
D:6:      layout_layer_cave, minmay_temple_entry_mist,
          chequers_serial_rivers_small_3, grunt_ministairs_14, minmay_bent,
          uniq_eustachio
D:7:      layout_basic, worldfamousw_hep_ancestral_shrine, uniq_maggie,
          uniq_crazy_yiuf_cottage
D:8:      layout_basic, nicolae_qazlal_general_emergency,
          okawaru_metal_pillars_1_2, chequers_serial_rivers_marsh,
          nicolae_figureground_sparkle, uniq_prince_ribbit1, uniq_maurice
D:9:      layout_layer_cave, david_orc_5, hellmonk_ghost_happy_afterlife,
          grunt_ministairs_11, uniq_joseph
D:10:     minmay_the_grid_triangle_9x9_rhombus_thin
          [minmay_the_grid_triangle_9x9_sprig,
          minmay_the_grid_triangle_9x9_prize_center,
          minmay_the_grid_triangle_9x9_limited_checkers,
          minmay_the_grid_triangle_9x9_tough_junction], layout_irregular_city,
          mainiacjoe_overflow_catch_the_wave, dpeg_oklobed_lair
Temple:   compressed_dpeg_triangle_lava_temple
Orc:1:    layout_caves, mines1_david
Orc:2:    st_orc_town, layout_diamond_mine, basic_altar, minmay_orc_temple_a

Skill      XL: |  1  2  3  4  5  6  7  8  9 10 11 |
---------------+----------------------------------+-----
Fighting       | 4 5 6 7 8 9 |  9.6
Axes           | 4 5 7 8 |  8.7
Armour         | 3 4 5 6 7 9 10 | 10.2
Dodging        | 2 3 |  3.8
Stealth        | 1 |  1.9
Maces & Flails | 5 8 |  8.2
Evocations     | 1 |  1.0
Polearms       | 3 9 10 | 10.0
Shields        | 1 |  1.0
Throwing       | |  0.9

Action                     |  1- 3 |  4- 6 |  7- 9 | 10-12 || total
---------------------------+-------+-------+-------+-------++-------
  Melee: Hand axe          |    79 |    87 |    59 |       ||   225
         Headbutt          |    13 |     8 |    39 |    29 ||    89
         Punch             |     2 |     3 |     2 |       ||     7
         Kick              |       |       |    56 |     4 ||    60
         Morningstar       |       |       |   115 |       ||   115
         Glaive            |       |       |    29 |   203 ||   232
         Unarmed           |       |       |       |     1 ||     1
  Throw: Boomerang         |       |       |     1 |       ||     1
         Dart              |       |       |       |     3 ||     3
    Use: Potion            |       |       |     1 |     1 ||     2
   Stab: Paralysed         |       |     1 |       |       ||     1
         Distracted        |       |       |       |     1 ||     1
 Armour: Leather armour    |    30 |     1 |       |       ||    31
         Plate armour      |       |    43 |   109 |    19 ||   171
         Ring mail         |       |       |       |    28 ||    28
         Chain mail        |       |       |       |    20 ||    20
  Dodge: Dodged            |    34 |    38 |    95 |   157 ||   324
  Block: Other             |       |       |    12 |    45 ||    57
